Map: Temple gelé

Players

pupu

  • Race: Protoss Protoss
  • League: Silver

terminator - Winner!

  • Race: Terran Terran
  • League: Gold

VOD

Have the link to the VOD?

Description

Time

  • Played on: April 3, 2016, 3:34 p.m.
  • Length: 6:24
Show
View Real Time Build Order
Export as new Build Order

pupu Protoss 

Build Orders: 1 Gate Expand 

Get SALT Encoding   

  12  0:01  Probe (Chrono Boost)  
  13  0:11  Probe (Chrono Boost)  
  14  0:26  Pylon  
  14  0:30  Probe (Chrono Boost)  
  15  0:44  Probe (Chrono Boost)  
  15  0:48  Gateway  
  16  0:55  Probe (Chrono Boost)  
  17  1:02  Assimilator  
  17  1:05  Probe (Chrono Boost)  
  18  1:16  Probe (Chrono Boost)  
  19  1:32  Nexus  
  19  1:42  Cybernetics Core  
  19  1:43  Probe (Chrono Boost)  
  20  1:55  Pylon  
  20  1:56  Probe (Chrono Boost)  
  21  2:02  Assimilator  
  21  2:07  Probe (Chrono Boost)  
  22  2:18  Probe (Chrono Boost)  
  22  2:22  Pylon  
  23  2:28  Probe (Chrono Boost)  
  24  2:37  Warp Gate (Chrono Boost)  
  24  2:38  Probe (Chrono Boost)  
  24  2:42  Pylon, Adept  
  27  2:50  Probe  
  27  2:51  Probe  
  29  3:03  Probe  
  30  3:09  Probe  
  30  3:11  Robotics Facility  
  31  3:15  Probe  
  31  3:19  Probe  
  32  3:26  Gateway  
  33  3:27  Probe  
  33  3:30  Probe  
  33  3:32  Sentry  
  37  3:42  Probe  
  37  3:44  Probe  
  39  3:57  Warp Prism  
  39  4:01  Probe  
  39  4:02  Probe  
  43  4:03  Pylon  
  43  4:06  Assimilator  
  43  4:11  Probe  
  43  4:14  Probe, Gateway  
  43  4:15  Gateway  
  45  4:19  Gateway  
  45  4:22  Probe  
  46  4:33  Adept x2  
  50  5:02  Immortal  
  50  5:04  Adept x2  
  58  5:16  Gateway  
  58  5:18  Probe, Pylon  
  58  5:20  Probe, Pylon  
  60  5:23  Pylon  
  60  5:24  Assimilator  
  60  5:25  Adept x5  
  60  5:26  Pylon  
  58  5:46  Adept  
  58  5:47  Adept x2  
  64  5:56  Mothership Core  
  49  6:08  Probe  
Show
View Real Time Build Order
Export as new Build Order

terminator Terran - Winner!

Build Orders: MMM Bio 

Get SALT Encoding   

  12  0:01  SCV  
  13  0:14  SCV  
  14  0:28  Supply Depot  
  14  0:30  SCV  
  15  0:49  SCV  
  16  0:51  Barracks  
  16  0:57  Refinery  
  16  0:59  Refinery  
  16  1:05  Barracks  
  16  1:08  SCV  
  17  1:18  Supply Depot  
  17  1:27  SCV  
  18  1:39  SCV  
  19  1:40  Barracks Tech Lab  
  19  1:51  SCV  
  20  1:57  Factory  
  20  2:09  Stimpack  
  20  2:12  SCV  
  21  2:23  Marine x2  
  21  2:24  SCV  
  23  2:35  Engineering Bay  
  23  2:48  Starport  
  23  2:55  Marine x2  
  25  3:01  SCV  
  26  3:14  Widow Mine  
  28  3:20  Marine x2  
  28  3:27  Supply Depot  
  30  3:38  Marine  
  31  3:48  Widow Mine, Marine, Medivac  
  36  4:02  Marine  
  37  4:06  Marine  
  38  4:12  Supply Depot  
  38  4:32  Marine  
  38  4:34  Marine  
  38  4:36  Medivac  
  42  4:42  Supply Depot  
  42  4:45  Factory Tech Lab  
  42  4:50  Marine  
  42  4:52  Marine  
  44  4:59  Combat Shields  
  44  5:07  Marine  
  44  5:09  Marine  
  46  5:25  Marine  
  46  5:27  Marine  
  48  5:56  Marine x2  
Tags
 
Add a new tag
Caveats
  • Supply blocks, unpowered buildings, or Contaminate may cause inaccurate times.
  • Supply counts are checked every 10 seconds.